 Dungeon Crawl Stone Soup version 0.29.0-4-gdea44cf6ec (webtiles) character file.

Game seed: 718362611592915658

296 qw the Cleaver (level 6, 0/52 HPs)
             Began as a Minotaur Berserker on Sept 9, 2022.
             Was a Believer of Trog.
             Slain by a gnoll
             ... wielding a +0 whip
              (5 damage)
             ... on level 4 of the Dungeon.
             The game lasted 00:01:03 (3445 turns).

qw the Cleaver (Minotaur Berserker)                 Turns: 3445, Time: 00:01:03

Health: 0/52       AC:  7    Str: 23    XL:     6   Next: 12%
Magic:  5/5        EV: 10    Int:  4    God:    Trog [**....]
Gold:   200        SH:  0    Dex: 10    Spells: 5/5 levels left

rFire   . . .      SeeInvis .   Y - +0 hand axe
rCold   . . .      Faith    .   (no shield)
rNeg    . . .      Spirit   .   e - +0 scale mail
rPois   .          Reflect  .   (helmet restricted)
rElec   .          Harm     .   (no cloak)
rCorr   .          Rampage  .   j - +0 pair of gloves
Will    .....                   (no boots)
Stlth   ..........              p - amulet of regeneration
HPRegen 0.97/turn               (no ring)
MPRegen 0.09/turn               (no ring)

@: on berserk cooldown, slowed, very slow
A: horns 2, retaliatory headbutt
a: Renounce Religion, Berserk, Trog's Hand


You were on level 4 of the Dungeon.
You worshipped Trog.
Trog was pleased with you.
You visited 1 branch of the dungeon, and saw 4 of its levels.

You collected 200 gold pieces.


Innate Abilities, Weirdness & Mutations

You have a pair of horns on your head.
You reflexively headbutt those who attack you in melee.


   Skills:
 - Level 4.0 Fighting
 + Level 8.0 Axes
 - Level 1.0 Throwing
 - Level 2.4 Armour
 - Level 2.1 Dodging


You had 5 spell levels left.
You didn't know any spells.
Your spell library was empty.

Inventory:

Hand Weapons
 f - a +0 mace
 Y - a +0 hand axe (weapon)
Missiles
 l - a boomerang
 m - a javelin (quivered)
Armour
 e - a +0 scale mail (worn)
 j - a +0 pair of gloves (worn)
Jewellery
 p - an amulet of regeneration (around neck)
Scrolls
 a - a scroll of blinking {unknown}
 d - a scroll of identify
Potions
 c - a potion of resistance
 g - a potion of heal wounds {unknown}
 h - 3 potions of curing
 k - a potion of degeneration {unknown}
 o - a potion of magic {unknown}

Dungeon Overview and Level Annotations

Branches:
Dungeon (4/15)
 Temple: D:4-7

Altars:
The Shining One

Annotations:
D:3 2 transporters


Message History

You hit the hound but do no damage.
The hound is heavily wounded.
You hit the gnoll. The hound closely misses you. The gnoll closely misses you.
The hound closely misses you. You furiously retaliate!
You headbutt the hound.
The gnoll hits you from afar with a +0 halberd.
You miss the hound. You headbutt the hound.
You kill the hound!
Trog accepts your kill.
You closely miss the gnoll.
The gnoll hits you from afar with a +0 halberd.
The gnoll closely misses you.
Your Fighting skill increases to level 4!
You have reached level 6!
You barely miss the gnoll.
The gnoll is moderately wounded.
The gnoll closely misses you. The gnoll hits you with a +0 club.
You barely miss the gnoll. Your headbutt misses the gnoll.
The gnoll is moderately wounded.
The gnoll hits you from afar with a +0 halberd!
The gnoll barely misses you. You furiously retaliate!
You headbutt the gnoll!
You kill the gnoll!
Trog accepts your kill. The gnoll closely misses you.
Your Axes skill increases to level 8!
3442 ||| READING scroll of teleportation.
As you read the scroll of teleportation, it crumbles to dust.
You feel strangely unstable. The gnoll misses you.
Your surroundings seem slightly different.
A gnoll comes into view. It is wielding a +0 whip.
The gnoll barely misses you. x2
You closely miss the gnoll. Your punch misses the gnoll.
The gnoll barely misses you.
You barely miss the gnoll. You headbutt the gnoll.
The gnoll is heavily wounded.
You hit the gnoll. The gnoll hits you with a +0 halberd!
The gnoll closely misses you. The gnoll hits you with a +0 whip.
You die...

7. .. 77 77.#
.....# .#.. .Y#
## ##g######.
#.# #g@.......
..# #ยค..######
#.###%).#
#.#%#### #.##
###.### #
#.....#
#.##.....### ###
#..............#


You could see a yak and 2 gnolls.

Vanquished Creatures
  A yak (D:4)
  A hound (D:4)
  A gnoll (D:4)
  4 adders
  3 worms
  A dart slug (D:1)
  5 orcs (D:3)
  4 bats
  4 endoplasms
  7 giant cockroaches
  6 goblins
  3 hobgoblins
  2 jackals (D:3)
  2 quokkas
  5 ball pythons
  A frilled lizard (D:2)
  6 kobolds
  3 rats
59 creatures vanquished.

Vanquished Creatures (others)
  3 withered plants (D:3)
3 creatures vanquished.

Grand Total: 62 creatures vanquished

Notes
Turn   | Place    | Note
-------+----------+-------------------------------------------
     0 | D:1      | qw the Minotaur Berserker began the quest for the Orb.
     0 | D:1      | Reached XP level 1. HP: 19/19 MP: 0/0
     0 | D:1      | 0 ||| qw: Version: 0.1-a-113-g051387a
     0 | D:1      | 0 ||| qw: Game counter: 7002
     0 | D:1      | 0 ||| qw: Always use a shield: true
     0 | D:1      | 0 ||| qw: Do Orc after D:15 true
     0 | D:1      | 0 ||| qw: Do second Lair branch before Depths: true
     0 | D:1      | 0 ||| qw: Lair rune preference: random
     0 | D:1      | 0 ||| qw: Plans: Normal
     0 | D:1      | 0 ||| PLANNING D:1-11
   134 | D:1      | Reached skill level 4 in Axes
   167 | D:1      | Reached XP level 2. HP: 26/26 MP: 1/1
   557 | D:1      | 557 ||| Stepping ~*~*~tactically~*~*~ (hiding).
   558 | D:1      | 558 ||| Stepping ~*~*~tactically~*~*~ (hiding).
   934 | D:1      | 934 ||| UPGRADING to +0 leather armour.
   944 | D:1      | 944 ||| DROPPING +0 animal skin.
   945 | D:1      | 945 ||| DROPPING orb of mayhem.
   946 | D:1      | 946 ||| READING scroll labelled XUXUCA UCSUNUMN.
   947 | D:1      | 947 ||| READING scroll labelled ROHIUK BESE.
   948 | D:1      | 948 ||| READING scroll labelled OSTRIZ BEOME.
   949 | D:1      | 949 ||| READING scroll labelled NUITSU JAGHUUN.
   950 | D:1      | 950 ||| READING scroll labelled VUKHODDUUS.
   951 | D:1      | 951 ||| Stepping randomly (stuck).
   952 | D:1      | 952 ||| Stepping randomly (stuck).
   953 | D:1      | 953 ||| Stepping randomly (stuck).
   954 | D:1      | 954 ||| Stepping randomly (stuck).
   955 | D:1      | 955 ||| Stepping ~*~*~tactically~*~*~ (cloud).
  1207 | D:2      | Identified the +1 robe of Dyspraxia {Int+2}
  1255 | D:2      | 1255 ||| Stepping ~*~*~tactically~*~*~ (stealth).
  1324 | D:2      | Reached skill level 5 in Axes
  1324 | D:2      | Reached XP level 3. HP: 27/31 MP: 2/2
  1325 | D:2      | 1325 ||| FLEEEEING.
  1326 | D:2      | 1326 ||| FLEEEEING.
  1327 | D:2      | 1327 ||| STAIRDANCE
  1363 | D:1      | 1363 ||| UPGRADING to +1 robe of Dyspraxia {Int+2}.
  1443 | D:2      | 1443 ||| INVOKING Berserk.
  1552 | D:2      | Identified the +5 quarterstaff "Xiviaxoo" {freeze, *Corrode
                  | Str+4 Stlth+}
  1629 | D:2      | 1629 ||| INVOKING Berserk.
  1709 | D:2      | 1709 ||| DROPPING +0 club.
  1763 | D:2      | 1763 ||| Stepping ~*~*~tactically~*~*~ (stealth).
  1764 | D:2      | 1764 ||| Stepping ~*~*~tactically~*~*~ (stealth).
  1775 | D:2      | 1775 ||| Stepping ~*~*~tactically~*~*~ (stealth).
  1780 | D:2      | 1780 ||| Stepping ~*~*~tactically~*~*~ (stealth).
  1783 | D:2      | 1783 ||| Stepping ~*~*~tactically~*~*~ (stealth).
  2092 | D:2      | Reached ** piety under Trog
  2147 | D:2      | 2147 ||| UPGRADING to +0 ring mail.
  2157 | D:2      | 2157 ||| DROPPING +1 robe of Dyspraxia {Int+2}.
  2158 | D:2      | 2158 ||| DROPPING +0 leather armour.
  2159 | D:2      | 2159 ||| UPGRADING to amulet of regeneration.
  2164 | D:2      | 2164 ||| READING scroll labelled POBLAO DOYJAW.
  2165 | D:2      | 2165 ||| READING 2 scrolls labelled XIHABI QINOH.
  2166 | D:2      | 2166 ||| DRINKING 2 golden potions.
  2167 | D:2      | 2167 ||| DROPPING potion of flight.
  2168 | D:2      | 2168 ||| DROPPING scroll of fog.
  2345 | D:3      | 2345 ||| INVOKING Berserk.
  2351 | D:3      | Reached XP level 4. HP: 39/39 MP: 3/3
  2467 | D:3      | Reached skill level 1 in Throwing
  2472 | D:3      | Found a faded altar of an unknown god.
  2533 | D:3      | Found a transporter.
  2539 | D:3      | Found a transporter.
  2584 | D:3      | Reached skill level 6 in Axes
  2607 | D:3      | 2607 ||| Stepping ~*~*~tactically~*~*~ (stealth).
  2851 | D:3      | 2851 ||| Stepping ~*~*~tactically~*~*~ (stealth).
  2924 | D:3      | 2924 ||| FLEEEEING.
  2926 | D:3      | 2926 ||| FLEEEEING.
  3112 | D:3      | Found a glowing golden altar of the Shining One.
  3181 | D:3      | 3181 ||| UPGRADING to +0 scale mail.
  3191 | D:3      | 3191 ||| DROPPING +0 ring mail.
  3192 | D:3      | 3192 ||| UPGRADING to +0 pair of gloves.
  3197 | D:3      | 3197 ||| DROPPING amulet of faith.
  3198 | D:3      | 3198 ||| READING scroll labelled EXUREL UTUFUU.
  3199 | D:3      | 3199 ||| READING scroll labelled SUUDOR UMOABI.
  3203 | D:3      | 3203 ||| DRINKING 4 puce potions.
  3204 | D:3      | 3204 ||| DRINKING 2 dark potions.
  3237 | D:3      | 3237 ||| READING 2 scrolls of identify.
  3237 | D:3      | 3237 ||| IDENTIFYING pink potion
  3238 | D:3      | 3238 ||| DROPPING potion of lignification.
  3351 | D:4      | 3351 ||| Stepping ~*~*~tactically~*~*~ (stealth).
  3360 | D:4      | 3360 ||| Stepping ~*~*~tactically~*~*~ (stealth).
  3412 | D:4      | Noticed a yak
  3412 | D:4      | Noticed a yak
  3413 | D:4      | 3413 ||| Stepping ~*~*~tactically~*~*~ (stealth).
  3421 | D:4      | 3421 ||| INVOKING Berserk.
  3427 | D:4      | Killed a yak
  3428 | D:4      | Reached skill level 7 in Axes
  3428 | D:4      | Reached XP level 5. HP: 28/45 MP: 4/4
  3440 | D:4      | Reached XP level 6. HP: 22/52 MP: 5/5
  3441 | D:4      | HP: 10/52 [gnoll/+0 halberd (11)]
  3442 | D:4      | Reached skill level 8 in Axes
  3442 | D:4      | 3442 ||| READING scroll of teleportation.
  3445 | D:4      | Slain by a gnoll

Levels and vault maps discovered:
D:1:      kilobyte_arrival_exit_the_forest, layout_rooms
D:2:      layout_basic, chequers_serial_rivers_micro_d,
          kennysheep_generic_room_16
D:3:      layout_basic, tso_altar, gammafunk_ghost_stat_death,
          ebering_ecumenical_altar_petrified
D:4:      layout_loops_ring, grunt_gozag_statues, nrook_campfire,
          kennysheep_opposing_triangles, uniq_natasha

Skill      XL: |  1  2  3  4  5  6 |
---------------+-------------------+-----
Axes           | 4 5 7 8 |  8.0
Throwing       | 1 |  1.0
Fighting       | 4 |  4.0
Armour         | |  2.4
Dodging        | |  2.1

Action                   |  1- 3 |  4- 6 || total
-------------------------+-------+-------++-------
Melee: Hand axe          |    69 |    62 ||   131
       Headbutt          |    11 |     8 ||    19
       Punch             |       |     1 ||     1
Throw: Javelin           |     8 |    22 ||    30
       Boomerang         |       |     1 ||     1
Invok: Berserk           |     3 |     1 ||     4
  Use: Scroll            |     7 |     4 ||    11
       Potion            |     1 |     2 ||     3
Armor: Animal skin       |     4 |       ||     4
       Robe              |     3 |       ||     3
       Ring mail         |     1 |    10 ||    11
       Scale mail        |       |    13 ||    13
Dodge: Dodged            |    39 |    35 ||    74

Table legend:
 A = Non-vault XP
 B = Vault XP
 C = Vault XP percentage of total XP
 D = Non-vault monster count
 E = Vault monster count
 F = Vault count percentage of total count
                 A         B        C        D         E       F
            +---------+---------+-------+---------+---------+-------
      Total |     410 |      13 |   3.1 |      58 |       1 |   1.7
            +---------+---------+-------+---------+---------+-------
        D:1 |      30 |       0 |   0.0 |      16 |       0 |   0.0
        D:2 |      45 |      13 |  22.4 |      15 |       1 |   6.2
        D:3 |      56 |       0 |   0.0 |      19 |       0 |   0.0
        D:4 |     279 |       0 |   0.0 |       8 |       0 |   0.0
            +---------+---------+-------+---------+---------+-------
